 Dungeon Crawl Stone Soup version 0.27-a0-34-gc18c9092ac (webtiles) character file.

Game seed: 11984558992474849336

1 Goblin1989 the Sneak (level 1, -1/11 HPs)
             Began as a Vine Stalker Brigand on Jan 5, 2021.
             Slain by a jackal (2 damage)
             ... on level 1 of the Dungeon.
             The game lasted 00:00:27 (130 turns).

Goblin1989 the Sneak (Vine Stalker Brigand)          Turns: 130, Time: 00:00:27

Health: -1/11      AC:  3    Str: 13    XL:     1   Next: 20%
Magic:  0/2        EV: 11    Int: 11    God:
Gold:   10         SH:  0    Dex: 15    Spells: 0/0 levels left

rFire    . . .     SeeInvis .   a - +2 dagger
rCold    . . .     Faith    .   (no shield)
rNeg     . . .     Spirit   +   b - +0 robe
rPois    .         Reflect  .   (no helmet)
rElec    .         Harm     .   c - +0 cloak
rCorr    .         Rampage  .   (no gloves)
Will     .....                  (no boots)
Stlth    +++.......             (no amulet)
HPRegen  0.03/turn              (no ring)
MPRegen  0.08/turn              (no ring)

@: no status effects
A: fangs 2, magic shield, antimagic bite, no potion heal 3
a: no special abilities


You were on level 1 of the Dungeon.
You visited 1 branch of the dungeon, and saw 1 of its levels.

You collected 10 gold pieces.

Inventory:

Hand Weapons
 a - a +2 dagger (weapon)
Missiles
 d - 8 poisoned darts (quivered)
 e - 2 curare-tipped darts
Armour
 b - a +0 robe (worn)
 c - a +0 cloak (worn)
Potions
 f - a potion of cancellation {unknown}
 g - a potion of curing {unknown}
 h - 2 potions of lignification {unknown}
 i - 2 potions of invisibility {unknown}


   Skills:
 + Level 1.8 Fighting
 * Level 1.8 Short Blades
 - Level 1.7 Throwing
 + Level 0.7 Dodging
 + Level 4.8 Stealth


You couldn't memorise any spells.
You didn't know any spells.
Your spell library was empty.

Dungeon Overview and Level Annotations

Branches:
Dungeon (1/15)

Altars:


Innate Abilities, Weirdness & Mutations

You have extremely sharp teeth.
When hurt, damage is shared between your health and your magic reserves.
Your bite disrupts and absorbs the magic of your enemies.
Potions cannot restore your health.


Message History

Found an escape hatch in the floor.
There is an open door here.
You open the door.
Found a mace.
There is an open door here.
You see here a mace.
You open the door.
There is an open door here.
You open the door.
There is an open door here.
You open the door.
There is an open door here.
g - a coppery potion
Found a chain mail.
h - 2 orange potions A kobold comes into view.
You see here 10 gold pieces.
A kobold is nearby!
A kobold is nearby!
A kobold is nearby!
The kobold hits you.
You take 1 damage, and have 10/11 hp.
You now have 1/2 mp.
You closely miss the kobold. You bite the kobold, but do no damage.
You barely miss the kobold. The kobold closely misses you.
You hit the kobold.
You kill the kobold!
No target in view!
No target in view!
No target in view!
No target in view!
No target in view!
No target in view!
No target in view!
No target in view!
No target in view!
No target in view!
No target in view!
No target in view!
No target in view!
No target in view!
Magic restored.
HP restored.
You now have 10 gold pieces.
i - 2 viscous blue potions Health restored: 11; MP restored: 2 A goblin comes into view.
It is wielding a +0 club.
A goblin is nearby!
A goblin is nearby!
A goblin is nearby!
A goblin is nearby!
The goblin shouts!
You hear a bark! x2
A jackal comes into view. x4
Found 2 scrolls labelled HORUQU ESCHOPTE.
There are monsters nearby!
There are monsters nearby!
The jackal barks! x2
You hit the goblin.
You kill the goblin!
The jackal barks!
You hit the jackal but do no damage. Your bite misses the jackal.
The jackal bites you.
You take 1 damage, and have 10/11 hp.
You now have 1/2 mp.
You closely miss the jackal. The jackal barely misses you.
You closely miss the jackal. Your bite misses the jackal.
The jackal closely misses you. The jackal bites you. x4
* * * LOW HITPOINT WARNING * * *
You are too injured to fight recklessly!
Unknown command.
You take 8 damage, and have 2/11 hp.
MASSIVE DAMAGE!!
You are too injured to fight recklessly!
The jackal bites you but does no damage.
The jackal barely misses you. The jackal closely misses you.
The jackal bites you.
* * * LOW HITPOINT WARNING * * *
You take 1 damage, and have 1/11 hp.
You hit the jackal.
The jackal is heavily wounded.
The jackal bites you but does no damage.
You hit the jackal. Your bite misses the jackal.
The jackal is almost dead.
The jackal barely misses you.
The jackal bites you but does no damage.
You barely miss the jackal.
The jackal is severely wounded.
The jackal barely misses you.
You closely miss the jackal.
The jackal is severely wounded.
The jackal bites you.
You now have 0/2 mp.
You miss the jackal. Your bite misses the jackal.
The jackal is severely wounded.
The jackal bites you but does no damage.
The jackal barely misses you.
You completely miss the jackal. Your bite misses the jackal.
The jackal is severely wounded.
The jackal closely misses you.
You barely miss the jackal. Your bite misses the jackal.
The jackal is severely wounded.
The jackal bites you.
You die... .█ ███████

█.█ ....... ..█
.......████
███.██████
.?.....)..█
█.........
.........h███.......
████████hhh@..†..█
█..████....█
██.████.....█
█.........███
..............█
.███......[...█
≈≈≈≈≈≈≈≈≈≈...█
..≈████≈≈≈≈≈████≈...█
..≈█>.███████.<█≈...█


You could see 4 jackals.

Vanquished Creatures
  A goblin (D:1)
  A kobold (D:1)
2 creatures vanquished.

Notes
Turn   | Place    | Note
-------+----------+-------------------------------------------
     0 | D:1      | Goblin1989 the Vine Stalker Brigand began the quest for the
                  | Orb.
     0 | D:1      | Reached XP level 1. HP: 11/11 MP: 2/2
   130 | D:1      | Slain by a jackal

Illustrated notes

Levels and vault maps discovered:
D:1:      heliophobic_arrival_glass_houses, layout_rooms, minmay_vboxes

Action                   || total
-------------------------++-------
Melee: Dagger            ||    14
       Bite              ||     1
Armor: Robe              ||     4
Dodge: Dodged            ||     9

Table legend: (Time is in decaauts)
 A = Elapsed time spent in this place.
 B = Non-inter-level travel time spent in this place.
 C = Inter-level travel time spent in this place.
 D = Time resting spent in this place.
 E = Time spent auto-exploring this place.
 F = Levels seen in this place.
 G = Mean time per level.
                   A        B        C        D        E       F      G
               +--------+--------+--------+--------+--------+-----+--------+
         Total |    129 |    129 |      0 |      0 |    101 |   1 |  129.0 |
       Dungeon |    129 |    129 |      0 |      0 |    101 |   1 |  129.0 |
               +--------+--------+--------+--------+--------+-----+--------+

Top non-repeatable levels by time:
     D:1: 129 daAuts
